 Dungeon Crawl Stone Soup version 0.30-a0-845-g7c6808c8ce (webtiles) character file.

Game seed: 8913896155522949517

1 Juicyj the Conjurer (level 1, -3/17 HPs)
             Began as a Gnoll Wanderer on Mar 2, 2023.
             Frozen to death by an endoplasm (4 damage)
             ... on level 1 of the Dungeon.
             The game lasted 00:00:05 (78 turns).

Juicyj the Conjurer (Gnoll Wanderer)                  Turns: 78, Time: 00:00:06

Health: -3/17      AC:  6    Str: 13    XL:     1   Next: 20%
Magic:  4/4        EV: 10    Int:  8    God:
Gold:   0          SH:  5    Dex: 12    Spells: 4/5 levels left

rFire   . . .      SeeInvis .    a - +0 club
rCold   . . .      Faith    .    e - +0 buckler {AC+3}
rNeg    . . .      Spirit   .    d - +0 leather armour
rPois   .          Reflect  .    (no helmet)
rElec   .          Rampage  .    (no cloak)
rCorr   .                        (no gloves)
Will    .....                    (no boots)
Stlth   +                        (no amulet)
HPRegen 0.22/turn                (no ring)
MPRegen 0.09/turn                (no ring)

@: no status effects
A: fangs 1, strong nose, distributed training
a: no special abilities


You were on level 1 of the Dungeon.
You visited 1 branch of the dungeon, and saw 1 of its levels.

Inventory:

Hand Weapons
 a - a +0 club (weapon)
Armour
 d - a +0 leather armour (worn)
 e - a +0 buckler of protection (worn)
Scrolls
 g - a scroll of teleportation {unknown}
Potions
 b - a potion of attraction
 c - a potion of curing
 f - a potion of brilliance {unknown}


   Skills:
 + Level 2.3 Fighting
 + Level 0.0 Short Blades
 + Level 0.0 Long Blades
 + Level 0.0 Axes
 + Level 0.0 Maces & Flails
 + Level 0.0 Polearms
 + Level 0.0 Staves
 + Level 0.0 Ranged Weapons
 + Level 0.0 Throwing
 + Level 0.0 Armour
 + Level 0.0 Dodging
 + Level 0.0 Stealth
 + Level 6.4 Shields
 + Level 0.0 Unarmed Combat
 + Level 2.6 Spellcasting
 + Level 7.0 Conjurations
 + Level 0.0 Hexes
 + Level 0.0 Summonings
 + Level 0.0 Necromancy
 + Level 0.0 Translocations
 + Level 0.0 Transmutations
 + Level 0.0 Fire Magic
 + Level 0.0 Ice Magic
 + Level 0.0 Air Magic
 + Level 0.0 Earth Magic
 + Level 0.0 Poison Magic
 + Level 0.0 Invocations
 + Level 2.3 Evocations


You had 4 spell levels left.
You knew the following spells:

 Your Spells              Type           Power      Damage    Failure   Level
a - Kiss of Death         Conj/Necr      24%        2d7       13%         1

Your spell library contained the following spells:

 Spells                   Type           Power      Damage    Failure   Level
 Stone Arrow              Conj/Erth      12%        3d7       36%         3


Dungeon Overview and Level Annotations

Branches:
Dungeon (1/15)

Altars:


Innate Abilities, Weirdness & Mutations

You have very sharp teeth.
Your uncanny sense of smell can sniff out nearby items.
Your experience applies equally to all skills.


Message History

The giant cockroach is almost dead.
The giant cockroach bites you but does no damage.
The kobold hits you but does no damage. You block the endoplasm's attack.
The hobgoblin closely misses you. You block the giant cockroach's attack.
You barely miss the giant cockroach.
The giant cockroach is almost dead.
The kobold hits you but does no damage.
The endoplasm hits you but does no damage.
The hobgoblin hits you. The giant cockroach barely misses you.
The hobgoblin hits you but does no damage.
You block the kobold's attack. The endoplasm barely misses you.
You barely miss the giant cockroach.
The giant cockroach is almost dead.
The giant cockroach bites you but does no damage.
The kobold hits you but does no damage.
The endoplasm hits you but does no damage.
The hobgoblin closely misses you. The giant cockroach barely misses you.
You barely miss the giant cockroach.
The giant cockroach is almost dead.
The giant cockroach closely misses you. The kobold barely misses you.
The endoplasm hits you but does no damage.
The hobgoblin hits you. The giant cockroach barely misses you.
You are too injured to fight recklessly!
You are too injured to fight recklessly!
You are too injured to fight recklessly!
You hit the kobold but do no damage. The kobold hits you but does no damage.
The endoplasm freezes you.
You are frozen.
The hobgoblin hits you.
* * * LOW HITPOINT WARNING * * *
You block the giant cockroach's attack.
The hobgoblin hits you but does no damage.
The kobold hits you with a +0 short sword.
* * * LOW HITPOINT WARNING * * *
The endoplasm completely misses you.
You closely miss the kobold. The giant cockroach bites you.
* * * LOW HITPOINT WARNING * * *
The kobold barely misses you. The endoplasm freezes you.
You are frozen.
You die...

... #....#.....
#.#.#.##....#.#...?..$.
##.....#................
.#.....##......# .......
.#.#.#.##......# .......
.#.....#.......##.......
.#.....##.......#.......
.#.#.#.#.....##.#B......
.#.....#.######.@Kb.....
.#.....#........gJ......
........########>....###
.######.# ####....# .#
### #.... .# #... .# ...
.# ## .#


You could see an endoplasm, a giant cockroach, a hobgoblin, a bat and a kobold.

Vanquished Creatures
  A bat (D:1)
  A kobold (D:1)
2 creatures vanquished.

Notes
Turn   | Place    | Note
-------+----------+-------------------------------------------
     0 | D:1      | Juicyj the Gnoll Wanderer began the quest for the Orb.
     0 | D:1      | Juicyj set off with the following items: a +0 club, a
                  | potion of attraction, a potion of curing, a +0 leather
                  | armour, a +0 buckler of protection; and the following spell
                  | memorised: Kiss of Death; and the following spells
                  | available to memorise: Stone Arrow.
     0 | D:1      | Reached XP level 1. HP: 17/17 MP: 4/4
    78 | D:1      | Frozen to death by an endoplasm

Illustrated notes

Levels and vault maps discovered:
D:1:      co_arrival_random_square_maze, layout_rooms, serial_shops, shop,
          columned_hall_lemuel, minmay_crystal_water

Action                     || total
---------------------------++-------
  Melee: Club              ||    13
 Armour: Leather armour    ||    22
  Dodge: Dodged            ||    19
  Block: Buckler           ||     8

Table legend: (Time is in decaauts)
 A = Elapsed time spent in this place.
 B = Non-inter-level travel time spent in this place.
 C = Inter-level travel time spent in this place.
 D = Time resting spent in this place.
 E = Time spent auto-exploring this place.
 F = Levels seen in this place.
 G = Mean time per level.
                   A        B        C        D        E       F      G
               +--------+--------+--------+--------+--------+-----+--------+
         Total |     82 |     82 |      0 |      0 |     57 |   1 |   82.0 |
       Dungeon |     82 |     82 |      0 |      0 |     57 |   1 |   82.0 |
               +--------+--------+--------+--------+--------+-----+--------+

Top non-repeatable levels by time:
     D:1: 82 daAuts
